 Dungeon Crawl Stone Soup version 0.21-a0-528-gf531e82 (webtiles) character file.

49 Muun the Chopper (level 3, -3/31 HPs)
             Began as a Hill Orc Fighter on Dec 8, 2017.
             Slain by a gnoll
             ... wielding a +0 whip
              (5 damage)
             ... on level 2 of the Dungeon.
             The game lasted 00:01:23 (811 turns).

Muun the Chopper (Hill Orc Fighter)                  Turns: 811, Time: 00:01:24

Health: -3/31      AC: 12    Str: 23    XL:     3   Next: 75%
Magic:  3/3        EV:  4    Int:  8    God:
Gold:   82         SH:  9    Dex: 11    Spells: 2/2 levels left

rFire    . . .     SeeInvis .   a - +0 war axe
rCold    . . .     Gourm    .   c - +0 shield
rNeg     . . .     Faith    .   l - +0 plate armour
rPois    .         Spirit   .   (no helmet)
rElec    .         Reflect  .   (no cloak)
rCorr    .         Harm     .   j - +0 pair of gloves
MR       .....                  (no boots)
Stlth    ..........             (no amulet)
HPRegen  0.10/turn              (no ring)
MPRegen  0.08/turn              (no ring)

@: mighty
A: no striking features
a: no special abilities


You were on level 2 of the Dungeon.
You were not hungry.

You visited 1 branch of the dungeon, and saw 2 of its levels.

You collected 82 gold pieces.

Inventory:

Hand Weapons
 a - a +0 war axe (weapon)
Armour
 c - a +0 shield (worn)
 j - a +0 pair of gloves (worn)
 l - a +0 plate armour (worn)
Scrolls
 h - 2 scrolls of remove curse {unknown}
 i - 4 scrolls of identify {unknown}
 k - a scroll of immolation {unknown}
 m - a scroll of random uselessness {unknown}
Potions
 b - a potion of cancellation {unknown}
 e - a potion of curing {unknown}
 n - a potion of mutation {unknown}
Comestibles
 f - 2 bread rations
 g - 5 chunks of flesh


   Skills:
 - Level 3.6 Fighting
 + Level 5.3 Axes
 - Level 3.2 Armour
 - Level 3.2 Shields


You had 2 spell levels left.
You didn't know any spells.

Dungeon Overview and Level Annotations

Branches:
Dungeon (2/15)

Altars:


Message History

Your shield and plate armour prevent you from hitting the gnoll.
The gnoll is severely wounded.
You closely miss the gnoll.
The gnoll hits you from afar with a spear.
The gnoll hits you but does no damage. You block the gnoll's attack.
The gnoll hits you but does no damage. x3
An adder comes into view.
The adder hisses angrily.
You hit the gnoll.
The gnoll is severely wounded.
You hit the gnoll. You block the gnoll's attack.
The gnoll hits you with a whip.
* * * LOW HITPOINT WARNING * * *
The gnoll hits you with a whip.
* * * LOW HITPOINT WARNING * * *
You feel very mighty all of a sudden. The gnoll hits you but does no damage.
The gnoll hits you with a whip.
* * * LOW HITPOINT WARNING * * *
The gnoll hits you with a whip.
You die...

.# #.# #
...>#####.##.###
.................
######...##.####
#S### # #.# ##.#
#..# #@## #.gg#
.....lg #........
#.........
#.........#
#..........
#########..#


You could see 3 gnolls, an adder and a leopard gecko.

Vanquished Creatures
  2 adders (D:2)
  2 leopard geckos
  7 bats
  5 goblins
  5 hobgoblins
  A ball python (D:1)
  2 kobolds
  5 rats (D:1)
29 creatures vanquished.

Vanquished Creatures (others)
  4 toadstools (D:1)
4 creatures vanquished.

Grand Total: 33 creatures vanquished

Notes
Turn   | Place    | Note
-------+----------+-------------------------------------------
     0 | D:1      | Muun the Hill Orc Fighter began the quest for the Orb.
     0 | D:1      | Reached XP level 1. HP: 19/19 MP: 1/1
    60 | D:1      | Reached skill level 3 in Axes
   116 | D:1      | Reached XP level 2. HP: 26/26 MP: 2/2
   177 | D:1      | Reached skill level 4 in Axes
   671 | D:2      | Reached XP level 3. HP: 31/31 MP: 3/3
   694 | D:2      | Reached skill level 5 in Axes
   811 | D:2      | Slain by a gnoll

Vault maps used:
D:1:      ldierk_water_garden
D:2:      first_bread

Skill      XL: |  1  2  3 |
---------------+----------+-----
Axes           | 3 4 5 |  5.3
Fighting       | |  3.6
Armour         | |  3.2
Shields        | |  3.2

Action                   || total
-------------------------++-------
Melee: War axe           ||    96
  Use: Potion            ||     1
Armor: Scale mail        ||    24
       Plate armour      ||    37
Dodge: Dodged            ||    29
Block: Shield            ||    66

Table legend:
 A = Spawn XP
 B = Non-spawn XP
 C = Spawn XP percentage of total XP
 D = Spawn monster count
 E = Non-spawn monster count
 F = Spawn count percentage of total count
 G = Total turns spent on level
                    A         B        C        D         E        F      G
               +---------+---------+-------+---------+---------+-------+---------
         Total |       0 |      70 |   0.0 |       0 |      29 |   0.0 |   811
               +---------+---------+-------+---------+---------+-------+---------
           D:1 |       0 |      31 |   0.0 |       0 |      20 |   0.0 |   668
           D:2 |       0 |      39 |   0.0 |       0 |       9 |   0.0 |   143
               +---------+---------+-------+---------+---------+-------+---------
